 Dungeon Crawl Stone Soup version 0.30-a0-953-g5f1da4a474 (webtiles) character file.

Game seed: 1657581869083803490

140 IdlyInterested the Trooper (level 5, 0/41 HPs)
             Began as a Demonspawn Gladiator on Mar 28, 2023.
             Succumbed to a water moccasin's poison
             ... in a sewer.
             The game lasted 00:08:47 (2035 turns).

IdlyInterested the Trooper (Demonspawn Gladiator)   Turns: 2035, Time: 00:08:47

Health: 0/41       AC:  5    Str: 14    XL:     5   Next: 2%
Magic:  5/5        EV: 11    Int: 10    God:
Gold:   112        SH:  0    Dex: 16    Spells: 4/4 levels left

rFire   . . .      SeeInvis .    a - +0 long sword
rCold   . . .      Faith    .    (no shield)
rNeg    . . .      Spirit   .    n - +0 ring mail
rPois   .          Reflect  .    (helmet restricted)
rElec   .          Rampage  .    (no cloak)
rCorr   .                        (no gloves)
Will    +....                    (no boots)
Stlth   +                        (no amulet)
HPRegen 0.26/turn                h - ring of willpower
MPRegen 0.09/turn                (no ring)

@: mighty, lethally poisoned (0 -> -24), hasted, very quick
A: antennae 1, powered by pain 2
a: no special abilities


You were in a sewer.
You visited 1 branch of the dungeon, and saw 3 of its levels.
You also visited: Sewer.

You collected 112 gold pieces.

Inventory:

Hand Weapons
 a - a +0 long sword (weapon)
Missiles
 d - a throwing net
 e - a javelin
 f - 17 stones (quivered)
Armour
 b - a +0 leather armour
 i - a +0 helmet
 n - a +0 ring mail (worn)
Jewellery
 h - a ring of willpower (left hand)
Scrolls
 k - a scroll of amnesia
Potions
 c - a potion of might
 j - a potion of berserk rage


   Skills:
 * Level 3.5 Fighting
 + Level 3.4 Long Blades
 - Level 2.0 Throwing
 * Level 1.2 Armour
 - Level 2.6 Dodging
 - Level 2.0 Stealth


You had 4 spell levels left.
You didn't know any spells.
Your spell library was empty.

Dungeon Overview and Level Annotations

Branches:
Dungeon (3/15)              Sewer (1/1)

Altars:
Vehumet


Innate Abilities, Weirdness & Mutations

You have a pair of small antennae on your head.
You sometimes gain power by taking damage.


Message History

You feel less confused.
You feel sick. The water moccasin bites you.
The water moccasin bites you but does no damage.
You feel very mighty all of a sudden.
You feel sick. The water moccasin bites you.
You miss the water moccasin.
The water moccasin is heavily wounded.
You feel sick. The water moccasin misses you. The water moccasin bites you.
* * * LOW HITPOINT WARNING * * *
You hit the water moccasin.
The water moccasin is heavily wounded.
You feel sick. The water moccasin closely misses you.
The water moccasin bites you.
* * * LOW HITPOINT WARNING * * *
You are lethally poisoned!
The water moccasin poisons you!
It was a potion of heal wounds.
You feel much better.
You feel very sick. The water moccasin misses you.
You barely miss the water moccasin.
The water moccasin is heavily wounded.
You feel very sick. The water moccasin bites you. The water moccasin bites you!
* * * LOW HITPOINT WARNING * * *
You focus on the pain.
You feel mightier all of a sudden.
It was a potion of haste.
You feel yourself speed up.
* * * LOW HITPOINT WARNING * * *
You feel very sick.
The water moccasin completely misses you.
You closely miss the water moccasin.
The water moccasin is heavily wounded.
* * * LOW HITPOINT WARNING * * *
You feel sick. The water moccasin bites you.
* * * LOW HITPOINT WARNING * * *
You are more poisoned.
The water moccasin poisons you!
You completely miss the water moccasin.
The water moccasin is heavily wounded.
You die...

~~..##
#~..#
#..##
#~.(#
##.~# #.
#..# #.~
#..# #~.#
##~S# #..~
#~~@#
#..###..##
#..~#~..#
#~~~~.##
#..~..#
##...##
#.~.#
##.## #.#


You could see a water moccasin.

Vanquished Creatures
  An orc wizard (D:3)
  3 adders
  2 worms (D:3)
  3 dart slugs (D:3)
  6 orcs (D:3)
  6 endoplasms
  4 giant cockroaches
  6 goblins
  4 hobgoblins
  4 jackals
  4 kobolds
  2 quokkas
  2 ball pythons (D:1)
  12 bats (D:1)
  5 frilled lizards
  3 rats
67 creatures vanquished.

Notes
Turn   | Place    | Note
-------+----------+-------------------------------------------
     0 | D:1      | IdlyInterested the Demonspawn Gladiator began the quest for
                  | the Orb.
     0 | D:1      | Reached XP level 1. HP: 16/16 MP: 1/1
   144 | D:1      | Gained mutation: You sometimes gain a little power by
                  | taking damage. [demonic ancestry]
   144 | D:1      | Reached XP level 2. HP: 21/22 MP: 2/2
   208 | D:1      | Reached skill level 1 in Armour
   491 | D:1      | Reached XP level 3. HP: 28/28 MP: 3/3
   632 | D:1      | Reached skill level 1 in Stealth
  1413 | D:2      | Found a radiant altar of Vehumet.
  1646 | D:3      | Gained mutation: You have a pair of small antennae on your
                  | head. [demonic ancestry]
  1646 | D:3      | Reached XP level 4. HP: 19/35 MP: 4/4
  1918 | D:3      | Gained mutation: You sometimes gain power by taking damage.
                  | [demonic ancestry]
  1918 | D:3      | Reached XP level 5. HP: 35/41 MP: 5/5
  1932 | D:3      | Found a glowing drain.
  1936 | Sewer    | Entered a sewer
  2005 | Sewer    | Noticed a water moccasin
  2035 | Sewer    | Succumbed to a water moccasin's poison

Illustrated notes

Levels and vault maps discovered:
D:1:      lightli_arrival_windingriver, layout_basic, minmay_misc_feat_cross
D:2:      layout_loops_ring, basic_altar
D:3:      layout_basic, nicolae_gozag_seed_capital, ebering_ghost_inner_flame,
          serial_shops, nicolae_shop_bloodbath_and_beyond,
          gup_sewer_entry_spiral
Sewer:    sewer_the_moccasin

Skill      XL: |  1  2  3  4 |
---------------+-------------+-----
Armour         | 1 |  1.2
Long Blades    | 3 |  3.4
Stealth        | 1 2 |  2.0
Throwing       | 2 |  2.0
Fighting       | 3 |  3.5
Dodging        | |  2.6

Action                     |  1- 3 |  4- 6 || total
---------------------------+-------+-------++-------
  Melee: Long sword        |   144 |    89 ||   233
         Punch             |     1 |     1 ||     2
  Throw: Stone             |     1 |     1 ||     2
         Throwing net      |       |     2 ||     2
    Use: Scroll            |     8 |     1 ||     9
         Potion            |       |     4 ||     4
   Stab: Sleeping          |     2 |       ||     2
         Held in net/web   |       |     1 ||     1
 Armour: Leather armour    |    56 |       ||    56
         Ring mail         |    11 |    31 ||    42
  Dodge: Dodged            |   113 |    64 ||   177

Table legend: (Time is in decaauts)
 A = Elapsed time spent in this place.
 B = Non-inter-level travel time spent in this place.
 C = Inter-level travel time spent in this place.
 D = Time resting spent in this place.
 E = Time spent auto-exploring this place.
 F = Levels seen in this place.
 G = Mean time per level.
                   A        B        C        D        E       F      G
               +--------+--------+--------+--------+--------+-----+--------+
         Total |   2118 |   1899 |    219 |    102 |    959 |   4 |  529.5 |
       Dungeon |   2010 |   1791 |    219 |     93 |    925 |   3 |  670.0 |
         Sewer |    107 |    107 |      0 |      9 |     33 |   1 |  107.0 |
               +--------+--------+--------+--------+--------+-----+--------+

Top non-repeatable levels by time:
     D:1: 968 daAuts
     D:2: 663 daAuts
     D:3: 378 daAuts
   Sewer: 107 daAuts
